 Dungeon Crawl Stone Soup version 0.16.2-12-gd0ad4c3 (webtiles) character file.

11758 faibistes the Thaumaturge (level 11, -16/61 HPs)
             Began as a Deep Elf Wizard on Dec 13, 2017.
             Was a High Priest of Sif Muna.
             Engulfed by a cloud of flame (23 damage)
             ... on level 9 of the Dungeon on Dec 16, 2017.
             The game lasted 01:00:31 (17529 turns).

faibistes the Thaumaturge (Deep Elf Wizard)        Turns: 17529, Time: 01:00:31

Health: -16/61     AC: 12    Str:  9    XL:     11   Next: 53%
Magic:  17/34      EV: 25    Int: 27    God:    Sif Muna [*****.]
Gold:   736        SH:  0    Dex: 20    Spells: 6 memorised, 21 levels left

rFire  . . .     SeeInvis +     W - +4 trident (venom)
rCold  . . .     Clarity  .     a - +0 robe
rNeg   . . .     SustAb   .     (no shield)
rPois  .         Gourm    .     y - +2 helmet {SInv}
rElec  .         Spirit   .     j - +1 cloak
rCorr  .         Warding  .     F - +2 pair of gloves
rMut   .         Stasis   .     b - +1 pair of boots
MR     +....                    (no amulet)
Stlth  ++++......               t - +2 ring of evasion
                                q - +2 ring of slaying

@: mighty, agile, repel missiles, somewhat resistant to hostile enchantments,
stealthy
A: thin skeletal structure 1
a: Channel Energy, Forget Spell, Renounce Religion


You were on level 9 of the Dungeon.
You worshipped Sif Muna.
Sif Muna was extremely pleased with you.
You were not hungry.

You visited 2 branches of the dungeon, and saw 12 of its levels.

You collected 736 gold pieces.

Inventory:

Hand weapons
 o - a +0 dagger
 w - a +3 dagger of venom
 W - a +4 trident of venom (weapon)
Armour
 a - a +0 robe (worn)
 b - a +1 pair of boots (worn)
 j - a +1 cloak (worn)
 y - a +2 helmet of see invisible (worn)
 F - a +2 pair of gloves (worn)
Jewellery
 q - a +2 ring of slaying (left hand)
 t - a +2 ring of evasion (right hand)
 v - an uncursed ring of invisibility
 H - a +4 ring of dexterity
 N - an uncursed amulet of clarity {unknown}
Magical devices
 m - a wand of cold (9)
 x - a wand of cold (3)
 J - a wand of enslavement (0)
 K - a wand of confusion (0)
 L - a wand of digging (15)
Scrolls
 k - 2 scrolls of magic mapping
 s - 2 scrolls of teleportation
 D - 2 scrolls of remove curse
Potions
 e - a potion of agility
 h - 3 potions of curing
 i - a potion of cure mutation
 n - 2 potions of restore abilities
 r - 2 potions of brilliance
 u - 2 potions of haste
 z - a potion of resistance
 B - 2 potions of berserk rage
 E - a potion of heal wounds
 G - a potion of cancellation {unknown}
 I - a potion of poison
 M - a potion of lignification {unknown}
Books
 c - a book of Minor Magic

   Spells                             Type                      Level
   a - Magic Dart                     Conjuration                  1
   b - Blink                          Translocation                2
   c - Call Imp                       Summoning                    2
   d - Repel Missiles                 Charms/Air                   2
   e - Slow                           Hexes                        2
   f - Conjure Flame                  Conjuration/Fire             3
   g - Mephitic Cloud                 Conjuration/Poison/Air       3
Comestibles
 d - 10 bread rations
 f - a royal jelly
 g - 2 beef jerkies
 l - 11 slices of pizza
 p - 7 meat rations
 A - 2 fruits


   Skills:
 + Level 4.2 Fighting
 + Level 7.1 Dodging
 - Level 2.4 Stealth
 * Level 12.1 Spellcasting
 + Level 8.4 Conjurations
 + Level 5.6 Charms
 - Level 4.1 Summonings
 + Level 4.8 Translocations
 * Level 4.7 Fire Magic
 - Level 3.5 Air Magic
 - Level 2.9 Poison Magic
 * Level 6.0 Invocations
 + Level 5.3 Evocations


You had 21 spell levels left.
You knew the following spells:

 Your Spells              Type           Power        Failure   Level  Hunger
a - Magic Dart            Conj           ####         1%          1    None
b - Conjure Flame         Conj/Fire      ######..     1%          3    None
c - Call Imp              Summ           #####...     1%          2    None
d - Blink                 Tloc           N/A          1%          2    None
e - Mephitic Cloud        Conj/Pois/Air  #####...     1%          3    None
f - Repel Missiles        Chrm/Air       #####.       1%          2    None


Dungeon Overview and Level Annotations

Branches:
Dungeon (11/15)            Temple (1/1) D:5
   Lair: D:8-11         Orc: D:9-12

Altars:
Ashenzari
Cheibriados
Dithmenos
Elyvilon
Fedhas
Gozag
Kikubaaqudgha
Makhleb
Nemelex Xobeh
Okawaru
Qazlal
Ru
Sif Muna
Trog
Vehumet
Xom
Yredelemnul
Zin
The Shining One

Shops:
D:4 (   D:6 :

Annotations:
D:10 exclusion: oklob plant, faibistes' ghost, powerful OgWr


Innate Abilities, Weirdness & Mutations

You have a somewhat thin skeletal structure (Dex +2, Stealth).


Message History

Aim: an orc warlord, wielding an enchanted great sword and wearing a chain mail (flame, moderately wounded)
The warg is in the way.
You puncture the warg!
You kill the warg!
The orc warlord is engulfed in roaring flames.
You puncture the orc warlord!
The orc warlord is poisoned.
The orc warlord is heavily wounded.
The orc warlord hits you with an enchanted great sword!!
* * * LOW HITPOINT WARNING * * *
Casting: Conjure Flame
Confirm with . or Enter, or press ? or * to list all spells.
You don't know that spell.
Unknown command.
Casting: Conjure Flame
Confirm with . or Enter, or press ? or * to list all spells.
You don't know that spell.
Unknown command.
Casting: Conjure Flame
Confirm with . or Enter, or press ? or * to list all spells.
You blink.
You are engulfed in roaring flames.
You die...

..........................#
.####.##.##.#####.#########
.# #.##....# #.# ##
#.#####.#####[# #
#.#.........#.#
#.#.........#.#
#.#.........#.#
#####.#####.#####.#
............).§o@>#
#####....##.#######
#.....#.# #.....#.#
#####.....#.# ..........#.#
#####.....#.# #.###.#.#
#.###.#.# ########


You could see an orc warlord.

Vanquished Creatures
  A hydra (D:11)
  An unseen horror (D:10)
  2 hill giants (D:10)
  An orc knight (D:10)
  Maurice (D:9)
  Joseph (D:7)
  The ghost of faibistes the Cudgeler, an average OgWr of the Shining One (D:4)
  A troll (D:10)
  A two-headed ogre (D:9)
  A spriggan (D:8)
  8 yaks
  Eustachio (D:7)
  2 hippogriffs (D:9)
  Edmund (D:4)
  5 wargs
  2 water moccasins (D:9)
  2 sky beasts
  6 orc warriors
  2 black bears
  A necrophage (D:8)
  5 phantoms (D:6)
  9 ogres
  4 centaurs
  A wasp (D:10)
  4 ice beasts
  2 big kobolds (D:8)
  A gnoll sergeant (D:7)
  3 giant frogs
  4 scorpions
  A killer bee (D:7)
  3 wights (D:6)
  8 crimson imps
  A jelly (D:9)
  A giant frog skeleton (D:4)
  A giant frog zombie (D:5)
  A gnoll shaman (D:8)
  A goliath beetle (D:8)
  A quasit (D:9)
  Crazy Yiuf (D:7)
  5 orc priests
  4 iguanas
  6 hounds
  7 orc wizards
  7 worker ants
  Ijyb (D:2)
  4 hound zombies
  2 hound skeletons
  A worker ant zombie (D:5)
  14 gnolls
  8 adders
  A shadow imp (D:6)
  4 worms
  An adder skeleton (D:5)
  6 giant geckos
  58 orcs
  16 bats
  6 giant cockroaches
  13 goblins
  24 hobgoblins
  6 quokkas
  A ball python (D:3)
  13 giant newts
  12 jackals
  23 kobolds
  3 quokka skeletons
  17 rats
356 creatures vanquished.

Vanquished Creatures (collateral kills)
  A bat (D:10)
1 creature vanquished.

Vanquished Creatures (others)
  4 plants
4 creatures vanquished.

Grand Total: 361 creatures vanquished

Notes
Turn   | Place    | Note
--------------------------------------------------------------
     0 | D:1      | faibistes, the Deep Elf Wizard, began the quest for the Orb.
     0 | D:1      | Reached XP level 1. HP: 10/10 MP: 6/6
     1 | D:1      | Found a burning altar of Makhleb.
   557 | D:2      | Reached XP level 2. HP: 15/15 MP: 4/9
   570 | D:1      | Learned a level 2 spell: Blink
   573 | D:1      | Learned a level 2 spell: Call Imp
  1370 | D:1      | Reached skill level 5 in Spellcasting
  1539 | D:3      | Reached XP level 3. HP: 19/19 MP: 8/14
  1547 | D:3      | Learned a level 3 spell: Conjure Flame
  1551 | D:3      | Learned a level 3 spell: Mephitic Cloud
  1738 | D:2      | Noticed Ijyb
  1963 | D:2      | Lost strength.
  2025 | D:2      | Killed Ijyb
  2198 | D:2      | Reached XP level 4. HP: 5/24 MP: 4/17
  2208 | D:2      | Learned a level 2 spell: Repel Missiles
  2764 | D:4      | Noticed faibistes' ghost (average OgWr)
  2785 | D:4      | Killed faibistes' ghost
  2785 | D:4      | Reached skill level 6 in Spellcasting
  2785 | D:4      | Reached XP level 5. HP: 28/28 MP: 2/21
  2785 | D:4      | Reached XP level 6. HP: 32/32 MP: 2/22
  2939 | D:2      | Found a glowing golden altar of the Shining One.
  3165 | D:2      | Reached skill level 7 in Spellcasting
  3706 | D:3      | Noticed a scorpion
  3713 | D:3      | Killed a scorpion
  3977 | D:4      | Noticed an ogre
  3984 | D:4      | Killed an ogre
  3984 | D:4      | Reached XP level 7. HP: 36/36 MP: 11/25
  3989 | D:4      | Noticed a scorpion
  4044 | D:4      | Killed a scorpion
  4367 | D:5      | Entered Level 5 of the Dungeon
  4625 | D:4      | Reached skill level 1 in Evocations
  4794 | D:4      | Found Tropniuwn's Weapon Shoppe.
  4838 | D:4      | Reached skill level 1 in Fighting
  4838 | D:4      | Reached skill level 8 in Spellcasting
  5051 | D:4      | Found an opulent altar of Gozag.
  5052 | D:4      | Noticed Edmund
  5072 | D:4      | Killed Edmund
  5072 | D:4      | Reached skill level 5 in Dodging
  5403 | D:5      | Found a glowing silver altar of Zin.
  5406 | D:5      | Noticed an angel
  5415 | D:5      | Found a shimmering altar of Xom.
  5905 | D:5      | Reached XP level 8. HP: 45/45 MP: 27/27
  6095 | D:5      | Found a staircase to the Ecumenical Temple.
  6104 | D:6      | Found Thom Dak's Book Shop.
  6139 | Temple   | Entered the Ecumenical Temple
  6148 | Temple   | Became a worshipper of Sif Muna the Loreminder
  6709 | D:5      | Reached skill level 1 in Fire Magic
  6935 | D:5      | Reached skill level 9 in Spellcasting
  6935 | D:5      | Reached skill level 1 in Air Magic
  6935 | D:5      | Reached skill level 1 in Poison Magic
  7378 | D:6      | Acquired Sif Muna's first power
  7617 | D:6      | Reached skill level 5 in Conjurations
  8758 | D:6      | Found a white marble altar of Elyvilon.
  8976 | D:7      | Reached XP level 9. HP: 49/49 MP: 22/29
  9146 | D:7      | Acquired Sif Muna's second power
 10050 | D:7      | Found a sacrificial altar of Ru.
 10052 | D:7      | Noticed Eustachio
 10059 | D:7      | Killed Eustachio
 10165 | D:7      | Noticed Joseph
 10183 | D:7      | Killed Joseph
 10183 | D:7      | Reached skill level 10 in Spellcasting
 10311 | D:7      | Noticed Crazy Yiuf
 10325 | D:7      | Killed Crazy Yiuf
 10508 | D:7      | Reached skill level 1 in Invocations
 10544 | D:7      | Reached skill level 1 in Charms
 11953 | D:8      | Reached XP level 10. HP: 55/55 MP: 19/31
 12740 | D:8      | Found a bloodstained altar of Trog.
 12740 | D:8      | Found an iron altar of Okawaru.
 13823 | D:10     | Entered Level 10 of the Dungeon
 13823 | D:10     | Noticed a hill giant
 13831 | D:10     | Killed a hill giant
 13950 | D:9      | Reached skill level 11 in Spellcasting
 14054 | D:9      | Acquired Sif Muna's third power
 15149 | D:9      | Noticed Maurice
 15191 | D:9      | Killed Maurice
 15424 | D:9      | Reached skill level 5 in Invocations
 15610 | D:9      | Reached XP level 11. HP: 51/60 MP: 22/33
 15767 | D:10     | Reached skill level 5 in Charms
 15884 | D:11     | Noticed a five-headed hydra
 15893 | D:11     | Killed a five-headed hydra
 15893 | D:11     | Reached skill level 5 in Evocations
 15916 | D:10     | Noticed faibistes' ghost (powerful OgWr)
 15960 | D:10     | Noticed an oklob plant
 15990 | D:10     | Gained mutation: You have a somewhat thin skeletal structure (Dex +2, Stealth). [potion of beneficial mutation]
 16098 | D:10     | Noticed a hill giant
 16107 | D:10     | Killed a hill giant
 16304 | D:10     | Noticed an unseen horror
 16311 | D:10     | Killed an unseen horror
 16440 | D:10     | Reached skill level 12 in Spellcasting
 16853 | D:10     | Noticed an orc knight
 16874 | D:10     | Noticed an orc warlord
 17158 | D:10     | Killed an orc knight
 17529 | D:9      | Engulfed by a cloud of flame

Action                   |  1- 3 |  4- 6 |  7- 9 | 10-12 || total
-------------------------+-------+-------+-------+-------++-------
Melee: Unarmed           |     4 |       |       |       ||     4
       Dagger            |    14 |    23 |   172 |   187 ||   396
       Trident           |       |       |       |    43 ||    43
 Cast: Magic Dart        |   103 |    79 |   372 |   222 ||   776
       Mephitic Cloud    |     3 |     9 |    31 |    53 ||    96
       Blink             |     1 |     3 |    10 |    20 ||    34
       Conjure Flame     |       |     6 |    39 |    66 ||   111
       Repel Missiles    |       |     1 |     3 |     1 ||     5
       Call Imp          |       |       |       |     1 ||     1
Evoke: Wand              |       |       |       |     4 ||     4
  Use: Scroll            |     4 |     1 |    12 |     8 ||    25
       Potion            |       |       |       |     4 ||     4
 Stab: Confused          |     2 |     5 |     8 |     2 ||    17
       Sleeping          |     1 |       |     3 |       ||     4
       Distracted        |       |       |       |     1 ||     1
  Eat: Chunk             |     3 |     6 |    25 |    14 ||    48
       Fruit             |       |       |       |     4 ||     4
